 Dungeon Sprint DCSS version 0.27-a0-1177-g245c70e1c0 (webtiles) character file.

Game seed: 13469721911016656625

24 mhtbhm the Digger (level 3, -3/19 HPs)
             Began as a Gargoyle Earth Elementalist on May 16, 2021.
             Slain by an iguana (12 damage)
             ... in the Dungeon (Sprint IX: "|||||||||||||||||||||||||||||").
             The game lasted 00:00:28 (87 turns).

mhtbhm the Digger (Gargoyle Earth Elementalist)       Turns: 87, Time: 00:00:29

Health: -3/19      AC:  5    Str: 11    XL:     3   Next: 2%
Magic:  0/7        EV: 12    Int: 16    God:
Gold:   0          SH:  0    Dex: 10    Spells: 4/7 levels left

rFire    . . .     SeeInvis .   (no weapon)
rCold    . . .     Faith    .   (no shield)
rNeg     + . .     Spirit   .   c - +0 robe
rPois    ∞         Reflect  .   (no helmet)
rElec    +         Harm     .   (no cloak)
rCorr    .         Rampage  .   (no gloves)
Will     .....     NoTele   +   (no boots)
Stlth    ++........             (no amulet)
HPRegen  0.06/turn              (no ring)
MPRegen  0.10/turn              (no ring)

@: no status effects
A: sickness immunity, AC +3, negative energy resistance 1, electricity
resistance, torment resistance 1, petrification resistance
a: no special abilities


You were in the Dungeon.
You visited 1 branch

Inventory:

Missiles
 b - 23 stones
Armour
 c - a +0 robe (worn)
Scrolls
 i - a scroll of blinking
Potions
 d - a potion of curing
 f - a potion of haste
 g - 2 potions of magic


   Skills:
 + Level 2.1 Dodging
 + Level 2.6 Stealth
 + Level 0.3 Unarmed Combat
 + Level 2.8 Spellcasting
 + Level 0.8 Transmutations
 + Level 6.6 Earth Magic


You had 4 spell levels left.
You knew the following spells:

 Your Spells              Type           Power      Damage    Failure   Level
a - Sandblast             Erth           46%        2d11      1%          1
b - Passwall              Tmut/Erth      11%        N/A       6%          2

Your spell library contained the following spells:

 Spells                   Type           Power      Damage    Failure   Level
 Stone Arrow              Conj/Erth      24%        3d8       14%         3
 Petrify                  Tmut/Erth      14%        N/A       38%         4
 Lee's Rapid Deconstruct  Erth           11%        3d9*      34%         5


Dungeon Overview and Level Annotations

Branches:
Dungeon (1/1)

Altars:


Innate Abilities, Weirdness & Mutations

You are immune to sickness and miasma.
Your stone body is resilient. (AC +3)
You are immune to poison.
You resist negative energy. (rN+)
You are resistant to electric shocks. (rElec)
You are resistant to unholy torment.
You are immune to petrification.


Message History

You kill the adder!
Your Dodging skill increases to level 2!
Your Earth Magic skill increases to level 6!
Unknown command.
You feel much better. The iguana barely misses you.
Unknown command.
Casting: Sandblast (safe; 1% risk of failure)
Confirm with . or Enter, or press ? or * to list all spells.
Aiming: Sandblast (safe; 1% risk of failure)
Press: ? - help, Shift-Dir - straight line, f - iguana
Aim: an iguana (83% to hit)
The blast of sand misses the iguana.
The blast of sand hits the shadow imp!
You kill the shadow imp!
The iguana bites you.
You have reached level 3!
Your experience leads to an increase in your attributes!
Increase (S)trength, (I)ntelligence, or (D)exterity?
You feel clever.
Unknown command.
Unknown command.
Your magical contamination has completely faded away.
There is an open door to the Dungeon here.
Casting: Sandblast (safe; 1% risk of failure)
Confirm with . or Enter, or press ? or * to list all spells.
Aiming: Sandblast (safe; 1% risk of failure)
Press: ? - help, Shift-Dir - straight line, f/p - iguana
Aim: an iguana (83% to hit)
The blast of sand hits the iguana!
The iguana is severely wounded.
The iguana bites you!
Unknown command.
You see here a ball python corpse.
The iguana hisses menacingly.
You see here a rat corpse.
There is a staircase leading out of the dungeon here.
You completely miss the iguana.
The iguana is severely wounded.
The iguana bites you!
Ouch! That really hurt!
You die...

▓▓▓
▓@▓
▓l▓
▓†▓
▓o▓
▓o▓
▓.▓
▓.▓
▓.▓
▓.▓


You could see an iguana and 2 orcs.

Vanquished Creatures
  An adder (D)
  A shadow imp (D)
  A dart slug (D)
  A ball python (D)
  A hobgoblin (D)
  2 rats (D)
7 creatures vanquished.

Notes
Turn   | Place    | Note
-------+----------+-------------------------------------------
     0 | D        | mhtbhm the Gargoyle Earth Elementalist began the quest for
                  | the Orb.
     0 | D        | Reached XP level 1. HP: 10/10 MP: 3/3
     7 | D        | Reached skill level 4 in Earth Magic
    16 | D        | Reached skill level 5 in Earth Magic
    17 | D        | Reached XP level 2. HP: 15/15 MP: 0/5
    63 | D        | Learned a level 2 spell: Passwall
    75 | D        | Reached skill level 6 in Earth Magic
    77 | D        | Reached XP level 3. HP: 17/19 MP: 0/7
    87 | D        | Slain by an iguana

Illustrated notes

Levels and vault maps discovered:
D:        linesprint [early_d, line_temple, items_1, d_10, items_2, lair_1,
          lair_end, items_3, orc_1, orc_end, items_4, d_15, swamp_1, shoals_1,
          snake_1, spider_1, d_20, vaults_1, items_5, swamp_end, shoals_end,
          snake_end, spider_end, vaults_end, d_27, items_6, zot_1, zot_end,
          crypt_end, forest_end, elf_end, slime_end, tomb_end, abyss_end,
          pan_hell_end]

Skill      XL: |  1  2 |
---------------+-------+-----
Earth Magic    | 5 6 |  6.6
Dodging        | 2 |  2.1
Stealth        | |  2.6
Unarmed Combat | |  0.3
Spellcasting   | |  2.8
Transmutations | |  0.8

Action                   || total
-------------------------++-------
Melee: Unarmed           ||     5
 Cast: Sandblast         ||     7
  Use: Potion            ||     2
Armor: Robe              ||     2
Dodge: Dodged            ||     2

Table legend: (Time is in decaauts)
 A = Elapsed time spent in this place.
 B = Non-inter-level travel time spent in this place.
 C = Inter-level travel time spent in this place.
 D = Time resting spent in this place.
 E = Time spent auto-exploring this place.
 F = Levels seen in this place.
 G = Mean time per level.
                   A        B        C        D        E       F      G
               +--------+--------+--------+--------+--------+-----+--------+
         Total |     97 |     97 |      0 |     53 |      0 |   1 |   97.0 |
       Dungeon |     97 |     97 |      0 |     53 |      0 |   1 |   97.0 |
               +--------+--------+--------+--------+--------+-----+--------+

Top non-repeatable levels by time:
       D: 97 daAuts
